 Dungeon Crawl Stone Soup version 0.30.1-4-g462c640d31 (webtiles) character file.

Game seed: 1537004985185345207

29852 Gogs the Severer (level 13, -2/114 HPs)
             Began as a Minotaur Fighter on Sept 14, 2023.
             Was the Champion of Makhleb.
             Slain by Jorgrun
             ... wielding a +0 heavy quarterstaff
              (3 damage)
             ... on level 12 of the Dungeon.
             The game lasted 01:04:41 (17867 turns).

Gogs the Severer (Minotaur Fighter)                Turns: 17867, Time: 01:04:41

Health: -2/114     AC: 19    Str: 26    XL:     13   Next: 17%
Magic:  0/19       EV:  2    Int:  5    God:    Makhleb [******]
Gold:   1036       SH: 10    Dex: 10    Spells: 12/12 levels left

rFire   . . .        a - +1 war axe
rCold   + . .        c - +0 kite shield
rNeg    + . .        p - +0 plate armour
rPois   .            (helmet restricted)
rElec   .            C - +2 cloak
rCorr   .            q - +0 pair of gloves "Zowoz" {rC+ rN+}
SInv    +            (no boots)
Will    .....        m - amulet of guardian spirit Stlth
                     K - ring of see invisible
HPRegen 0.39/turn    P - ring of wizardry
MPRegen 0.16/turn

%: guardian spirit, wizardry (x1)
@: mighty, about to teleport, petrifying, grasped by roots, constricted, very
slow
A: horns 2, retaliatory headbutt
a: Renounce Religion, Minor Destruction, Lesser Servant of Makhleb, Major
Destruction, Greater Servant of Makhleb


You were on level 12 of the Dungeon.
You worshipped Makhleb.
Makhleb was exalted by your worship.
You visited 3 branches of the dungeon, and saw 17 of its levels.
You also visited: Sewer and Ossuary.

You collected 1296 gold pieces.
You spent 260 gold pieces at shops.

Inventory:

Hand Weapons
 a - a +1 war axe (weapon)
 b - a +0 morningstar
 w - a +0 sling
Missiles
 g - 145 stones (quivered)
 i - 5 throwing nets
 y - 60 poisoned darts
 D - 7 boomerangs
 J - 2 curare-tipped darts
 O - 3 javelins
Armour
 c - a +0 kite shield (worn)
 p - a +0 plate armour (worn)
 q - the +0 pair of gloves "Zowoz" (worn) {rC+ rN+}
   (You found it on level 3 of the Dungeon)

   rC:        It protects you from cold.
   rN:        It protects you from negative energy.
 C - a +2 cloak (worn)
Jewellery
 m - an amulet of guardian spirit (around neck)
 K - a ring of see invisible (left hand)
 P - a ring of wizardry (right hand)
 S - a +5 ring of evasion
Wands
 x - a wand of mindburst (27)
 F - a wand of roots (13)
 H - a wand of digging (3)
 I - a wand of polymorph (7)
 N - a wand of flame (18)
 Q - a wand of light (14)
 R - a wand of charming (4)
Scrolls
 f - a scroll of blinking
 l - a scroll of silence
 n - a scroll of enchant armour
 r - 3 scrolls of poison
 s - 2 scrolls of enchant weapon
 t - 2 scrolls of fog
 z - 3 scrolls of magic mapping
 A - a scroll of immolation
 B - a scroll of teleportation
 M - 2 scrolls of identify
Potions
 d - 6 potions of might
 e - 4 potions of attraction
 h - 4 potions of lignification
 j - a potion of invisibility
 k - 3 potions of curing
 o - 9 potions of brilliance
 v - 2 potions of mutation
 E - 2 potions of resistance
 G - 5 potions of ambrosia
 L - 2 potions of flight
 T - 2 potions of cancellation


   Skills:
 + Level 10.3 Fighting
 - Level 16.0 Axes
 + Level 10.3 Armour
 - Level 8.0 Dodging
 - Level 10.0 Shields
 - Level 10.0 Invocations


You had 12 spell levels left.
You didn't know any spells.
Your spell library contained the following spells:

 Spells                   Type           Power      Damage    Failure   Level
 Foxfire                  Conj/Fire      0%         2x1d4     96%         1
 Sandblast                Erth           0%         2d4       96%         1
 Blink                    Tloc           0%         N/A       99%         2
 Lesser Beckoning         Tloc           0%         N/A       99%         2
 Momentum Strike          Conj/Tloc      0%         3d8       99%         2
 Passwall                 Tmut/Erth      0%         N/A       99%         2
 Scorch                   Fire           0%         2d5       99%         2
 Sublimation of Blood     Necr           0%         N/A       99%         2
 Gell's Gravitas          Tloc           0%         N/A       100%        3
 Stone Arrow              Conj/Erth      0%         3d7       100%        3
 Teleport Other           Tloc           0%         N/A       100%        3
 Flame Wave               Conj/Fire      0%         2d4       100%        4
 Manifold Assault         Tloc           0%         N/A       100%        4
 Petrify                  Tmut/Erth      0%         N/A       100%        4
 Freezing Cloud           Conj/Ice/Air   0%         6-21      100%        5
 Irradiate                Conj/Tmut      0%         3d11      100%        5
 Summon Cactus Giant      Summ           0%         N/A       100%        6
 Storm Form               Tmut/Air       0%         N/A       100%        7
 Polar Vortex             Ice            0%         N/A       100%        9


Dungeon Overview and Level Annotations

Branches:
Dungeon (12/15)            Temple (1/1) D:7            Lair (4/5) D:9
  Swamp (0/4) Lair:3        Snake (0/4) Lair:2          Orc (0/2) D:12
  Sewer (visited)         Ossuary (visited)
  Slime: Lair:4-5

Altars:
Ashenzari
Cheibriados
Dithmenos
Elyvilon
Fedhas
Gozag
Hepliaklqana
Kikubaaqudgha
Makhleb
Nemelex Xobeh
Okawaru
Qazlal
Ru
Sif Muna
Trog
Uskayaw
Vehumet
Wu Jian
Xom
Yredelemnul
Zin
The Shining One

Shops:
D:7 *

Annotations:
D:8 2 transporters
D:12 Jorgrun


Innate Abilities, Weirdness & Mutations

You have a pair of horns on your head.
You reflexively headbutt those who attack you in melee.


Message History

Jorgrun is moderately wounded.
Jorgrun points at you and mumbles some strange words.
You struggle to resist.
You hit Jorgrun but do no damage. Your headbutt misses Jorgrun.
Jorgrun is moderately wounded.
You slash Jorgrun! Your headbutt misses Jorgrun.
Jorgrun is heavily wounded.
Jorgrun hits you with a +0 heavy quarterstaff!
You hit Jorgrun but do no damage.
Jorgrun is heavily wounded.
Jorgrun gestures at you while chanting.
Roots burst forth from the earth!
The grasping roots grab you! The grasping roots constrict you!
You barely miss Jorgrun. Your headbutt misses Jorgrun.
Jorgrun is heavily wounded.
You closely miss Jorgrun. Your headbutt misses Jorgrun.
Jorgrun is heavily wounded.
Jorgrun casts a spell at you. The iron shot hits you!!
The grasping roots constrict you.
You feel better.
Jorgrun gestures next to you while chanting.
The wall shatters!
The blast of rock fragments hits you!!!
* * * LOW HITPOINT WARNING * * *
The grasping roots constrict you.
* * * LOW HITPOINT WARNING * * *
As you read the scroll of teleportation, it crumbles to dust.
You feel strangely unstable.
Jorgrun points at you and mumbles some strange words.
You are slowing down.
The grasping roots constrict you.
* * * LOW HITPOINT WARNING * * *
You feel very mighty all of a sudden. Jorgrun casts a spell at you.
The iron shot hits you!
* * * LOW HITPOINT WARNING * * *
The grasping roots constrict you.
* * * LOW HITPOINT WARNING * * *
Jorgrun hits you with a +0 heavy quarterstaff!
You die...

##.. ... #.### ##
##..####..#
##..)......# ######
##.........##
#....######...#.#....#
............##.##......
##........g@..........
#.......##.###...####
##......##.## ..##
#.......#.## .#
#........#### ..
#....##.....# ..
#...#######'### ###
#..## #......# ###g##
#.~~≈~.#


You could see Jorgrun.

Vanquished Creatures
  Frances (D:12)
  The ghost of mrw3rdna the Severer, a journeyman HOFi of Qazlal (Lair:2)
  The ghost of Firil the Destroyer, a journeyman OpFE of Vehumet (Lair:1)
  A hydra (Lair:3)
  A dancing weapon (Lair:2)
  A boulder beetle (D:12)
  A bog body (Lair:3)
  A manticore (Lair:4)
  4 elephants (Lair:2)
  Maurice (D:11)
  A torpor snail (Lair:3)
  A black mamba (Lair:3)
  2 gargoyles (D:12)
  5 cane toads
  2 rime drakes (Lair:4)
  A kobold demonologist (D:12)
  2 unseen horrors (D:12)
  5 komodo dragons
  5 trolls
  A queen bee (Lair:3)
  A merfolk (D:9)
  2 polar bears
  10 blink frogs
  A water elemental (D:12)
  24 yaks
  10 wyverns
  7 basilisks
  Menkaure (D:5)
  2 acid dragons
  3 nagas (Lair:2)
  2 wargs (D:9)
  A hell hound (Lair:3)
  7 water moccasins
  4 orc warriors
  An ice beast (D:7)
  A sky beast (D:7)
  4 black bears
  5 centaurs
  2 ogres
  7 wolves
  5 kobold brigands
  12 bullfrogs
  2 scorpions
  2 wights (D:7)
  19 killer bees (Lair:3)
  An electric eel (D:12)
  7 howler monkeys
  3 jellies
  Crazy Yiuf (D:4)
  A gnoll bouda (D:6)
  14 orc priests
  2 hounds
  A sleepcap (D:6)
  6 hell rats
  Natasha (twice) (D:4)
  4 iguanas
  11 orc wizards
  8 mummies (Ossuary)
  10 gnolls
  9 adders
  A shadow imp (D:8)
  4 worms
  The ghost of WaxSun the Sneak, a weakling HuDe (D:5)
  4 dart slugs
  45 orcs
  6 bats
  12 endoplasms
  9 giant cockroaches
  9 goblins
  7 hobgoblins
  3 jackals (D:1)
  9 quokkas
  14 ball pythons
  11 frilled lizards
  2 gnoll zombies (Ossuary)
  2 hobgoblin zombies (Ossuary)
  28 kobolds
  2 kobold zombies (Ossuary)
  2 orc zombies (Ossuary)
  3 rats
427 creatures vanquished.

Vanquished Creatures (collateral kills)
  A troll (D:10)
  A wyvern (Lair:4)
  A scorpion (D:7)
  3 wights (D:7)
  3 orcs (D:7)
9 creatures vanquished.

Grand Total: 436 creatures vanquished

Notes
Turn   | Place    | Note
-------+----------+-------------------------------------------
     0 | D:1      | Gogs the Minotaur Fighter began the quest for the Orb.
     0 | D:1      | Reached XP level 1. HP: 19/19 MP: 0/0
    37 | D:1      | Reached skill level 3 in Axes
    37 | D:1      | Reached XP level 2. HP: 27/27 MP: 1/1
   360 | D:1      | Reached XP level 3. HP: 33/33 MP: 2/2
   860 | D:2      | Reached skill level 4 in Axes
   877 | D:2      | Reached XP level 4. HP: 41/41 MP: 3/3
  1156 | D:3      | Found a burning altar of Makhleb.
  1156 | D:3      | Found a sparkling altar of Nemelex Xobeh.
  1156 | D:3      | Found a snail-covered altar of Cheibriados.
  1156 | D:3      | Found a basalt altar of Yredelemnul.
  1175 | D:3      | Became a worshipper of Makhleb the Destroyer
  1289 | D:3      | Identified the +0 pair of gloves "Zowoz" {rC+ rN+}
  1538 | D:3      | Identified the +0 robe "Tetrum" {rF+ Str+3}
  1553 | D:3      | Reached XP level 5. HP: 47/47 MP: 4/4
  2092 | D:4      | Noticed an orc warrior
  2162 | D:3      | Killed an orc warrior
  2163 | D:3      | Reached skill level 5 in Fighting
  2163 | D:3      | Reached skill level 5 in Axes
  2314 | D:4      | Reached * piety under Makhleb
  2358 | D:4      | Found an opulent altar of Gozag.
  2368 | D:4      | Noticed a black bear
  2370 | D:4      | Noticed a black bear
  2378 | D:4      | Reached XP level 6. HP: 45/56 MP: 5/5
  2379 | D:4      | Reached skill level 6 in Axes
  2380 | D:4      | Reached skill level 5 in Shields
  2411 | D:4      | Noticed Natasha
  2415 | D:4      | Killed Natasha
  2416 | D:4      | Reached skill level 7 in Axes
  2502 | D:4      | Found a glowing drain.
  2516 | Sewer    | Entered a sewer
  2614 | Sewer    | Reached XP level 7. HP: 61/61 MP: 6/6
  2735 | Sewer    | Reached ** piety under Makhleb
  2764 | Sewer    | Reached skill level 8 in Axes
  2775 | Sewer    | Reached skill level 1 in Invocations
  2828 | Sewer    | Identified the +0 scimitar of Hiaqoi {chaos, *Slow Fragile
                  | rC+++ Int+3}
  2974 | D:4      | Found a glowing golden altar of the Shining One.
  2983 | D:4      | Found a bloodstained altar of Trog.
  2984 | D:4      | Found a broken altar of Ashenzari.
  2984 | D:4      | Found a hazy altar of Hepliaklqana.
  2985 | D:4      | Found a blossoming altar of Fedhas.
  2985 | D:4      | Found an ornate altar of the Wu Jian Council.
  2986 | D:4      | Found a stormy altar of Qazlal.
  2988 | D:4      | Found a radiant altar of Vehumet.
  2989 | D:4      | Found a shimmering altar of Xom.
  3119 | D:4      | Noticed Natasha
  3127 | D:4      | Killed Natasha
  3203 | D:4      | Found a runed translucent door.
  3204 | D:4      | Noticed Crazy Yiuf
  3212 | D:4      | Killed Crazy Yiuf
  3353 | D:5      | Entered Level 5 of the Dungeon
  3419 | D:5      | Noticed Menkaure
  3422 | D:5      | Reached XP level 8. HP: 68/68 MP: 10/10
  3428 | D:5      | Killed Menkaure
  3429 | D:5      | Reached skill level 5 in Armour
  3480 | D:5      | Reached skill level 5 in Invocations
  3688 | D:5      | Reached skill level 9 in Axes
  3824 | D:5      | Reached *** piety under Makhleb
  3926 | D:5      | Found a runed translucent door.
  3926 | D:5      | Noticed WaxSun's ghost (weakling HuDe)
  3937 | D:5      | Killed WaxSun's ghost
  4190 | D:6      | Found a sand-covered staircase.
  4211 | Ossuary  | Entered an ossuary
  4238 | Ossuary  | Reached skill level 10 in Axes
  4537 | D:6      | Reached skill level 11 in Axes
  4582 | D:6      | Reached XP level 9. HP: 66/74 MP: 9/11
  4658 | D:6      | Identified the amulet of Xeror {RegenMP Stlth+}
  5095 | D:7      | Reached skill level 12 in Axes
  5095 | D:7      | Reached **** piety under Makhleb
  5408 | D:7      | Found Dineaff's General Store.
  5413 | D:7      | Found a staircase to the Ecumenical Temple.
  5417 | D:7      | Bought a scroll of identify for 26 gold pieces
  5417 | D:7      | Bought a potion of resistance for 130 gold pieces
  5417 | D:7      | Bought a potion of ambrosia for 104 gold pieces
  5448 | Temple   | Entered the Ecumenical Temple
  5544 | D:7      | Identified the +7 longbow "Wadecs" {freeze, rC+ rCorr}
  6090 | D:8      | Reached XP level 10. HP: 87/88 MP: 14/14
  6162 | D:8      | Found a transporter.
  6299 | D:8      | Reached ***** piety under Makhleb
  6365 | D:8      | Found a transporter.
  7029 | D:9      | Found a staircase to the Lair.
  7266 | D:9      | Identified the +1 robe of Sappec Houf {rPois Int+4 Dex+2}
  7878 | D:9      | Reached skill level 13 in Axes
  8364 | D:10     | Entered Level 10 of the Dungeon
  8811 | D:10     | Reached skill level 14 in Axes
  9409 | D:11     | Noticed Maurice
  9419 | D:11     | Killed Maurice
  9425 | D:11     | Reached skill level 1 in Dodging
 10398 | D:12     | Noticed a boulder beetle
 10429 | D:12     | Killed a boulder beetle
 10430 | D:12     | Reached XP level 11. HP: 33/94 MP: 6/16
 10643 | D:12     | Reached skill level 5 in Dodging
 10959 | D:12     | Identified the +6 trident of Kapnya {heavy, rPois}
 11174 | D:12     | Found a staircase to the Orcish Mines.
 11234 | D:12     | Noticed Jorgrun
 11387 | Lair:1   | Entered Level 1 of the Lair of Beasts
 11581 | Lair:1   | You fall into a shaft and drop 1 floor!
 11581 | Lair:2   | Found a staircase to the Snake Pit.
 11831 | Lair:1   | Reached skill level 15 in Axes
 11937 | Lair:1   | Found a large runed translucent door.
 11938 | Lair:1   | Found a large runed translucent door.
 12021 | Lair:1   | Noticed Firil's ghost (journeyman OpFE)
 12579 | Lair:1   | Killed Firil's ghost
 12795 | Lair:2   | Found a runed translucent door.
 12797 | Lair:2   | Found a shimmering altar of Xom.
 12797 | Lair:2   | Noticed mrw3rdna's ghost (journeyman HOFi)
 12797 | Lair:2   | Noticed a +5 quarterstaff of chaos
 12848 | Lair:2   | Got the Writings on Ice and Hurting
 13195 | Lair:2   | Reached skill level 10 in Fighting
 13401 | Lair:2   | Reached XP level 12. HP: 85/106 MP: 13/17
 13937 | Lair:3   | Reached skill level 16 in Axes
 14404 | Lair:3   | Noticed a six-headed hydra
 14413 | Lair:3   | Killed a six-headed hydra
 14414 | Lair:3   | Reached skill level 10 in Armour
 14879 | Lair:3   | Found a staircase to the Swamp.
 15507 | Lair:3   | Reached skill level 10 in Shields
 16068 | Lair:3   | Reached skill level 10 in Invocations
 16370 | Lair:4   | Reached ****** piety under Makhleb
 16467 | Lair:4   | Reached XP level 13. HP: 108/113 MP: 17/19
 16954 | Lair:2   | Killed mrw3rdna's ghost
 17330 | D:12     | Noticed Frances
 17809 | D:12     | Killed Frances
 17867 | D:12     | HP: 5/114 [Jorgrun/iron shot (6)]
 17867 | D:12     | HP: 1/114 [constriction (4)]
 17867 | D:12     | Slain by Jorgrun

Illustrated notes

Levels and vault maps discovered:
D:1:      scummos_arrival_forest, layout_loops_ring, serial_glass,
          glass_columns_b, glass_columns_a, minmay_cupped
D:2:      layout_rooms
D:3:      layout_basic, chequers_temple_overflow_statue_of_worship
D:4:      layout_rooms, minitemple, cheibrodos_sewer_entry_bend, uniq_natasha,
          uniq_crazy_yiuf_cottage
D:5:      layout_loops_ring, gammafunk_ghost_grave, minmay_between,
          uniq_menkaure
D:6:      layout_gridville, nicolae_ossuary_entry_ruins, nrook_uturn,
          bh_walls_and_bars
D:7:      layout_basic, minmay_temple_entry_nine_rooms, serial_shops,
          nicolae_shop_peninsula
D:8:      gammafunk_wand_slinger, layout_loops_corners
D:9:      layout_stronghold, erik_lair_orcish_takeover,
          minmay_misc_feat_ornament, corexii_leaking_fountain,
          hangedman_fish_farm
D:10:     layout_stronghold
D:11:     layout_basic, uniq_maurice
D:12:     layout_layer_cave, orc_0_dummy, nrook_pool_corridor, uniq_jorgrun,
          uniq_frances
Temple:   hellmonk_temple_rainy
Lair:1:   layout_misc_corridors, ebering_ghost_disaster_area, grunt_megastairs_4
Lair:2:   layout_cave_pods, minmay_snake_entry_guardpost_small,
          ebering_ghost_xom, hibernation_bobbens
Lair:3:   layout_hall_layers, nicolae_swamp_entry_splash_gauntlet, special_room
          [special_room_bee]
Lair:4:   layout_roguey [special_room_mythical_zoo]

Skill      XL: |  1  2  3  4  5  6  7  8  9 10 11 12 13 |
---------------+----------------------------------------+-----
Axes           | 3 4 5 7 8 11 12 14 15 16 | 16.0
Fighting       | 4 5 8 10 | 10.3
Armour         | 4 5 8 10 | 10.3
Shields        | 4 5 8 10 | 10.0
Invocations    | 4 5 7 8 10 | 10.0
Dodging        | 4 5 6 8 |  8.0

Action                     |  1- 3 |  4- 6 |  7- 9 | 10-12 | 13-15 || total
---------------------------+-------+-------+-------+-------+-------++-------
  Melee: War axe           |    68 |    96 |   357 |   649 |   100 ||  1270
         Headbutt          |     6 |    18 |    52 |   117 |    19 ||   212
         Morningstar       |       |       |       |     6 |       ||     6
 Invoke: Minor Destruction |       |       |     1 |    25 |       ||    26
         Lesser Servant of |       |       |     1 |     3 |       ||     4
         Major Destruction |       |       |       |     5 |       ||     5
    Use: Scroll            |       |     5 |    10 |    12 |     2 ||    29
         Potion            |       |     1 |       |     9 |     6 ||    16
 Armour: Scale mail        |    33 |    20 |       |       |       ||    53
         Chain mail        |       |    18 |       |       |       ||    18
         Plate armour      |       |     5 |   183 |   426 |    28 ||   642
  Dodge: Dodged            |    36 |    37 |    60 |   236 |    17 ||   386
  Block: Buckler           |    17 |       |       |       |       ||    17
         Kite shield       |     3 |    40 |   137 |   367 |    24 ||   571
